 Dungeon Crawl Stone Soup version 0.30.0-20-g3615ddf2f0 (webtiles) character file.

Game seed: 3285799070149578726

83 qw the Chopper (level 4, 0/28 HPs)
             Began as a Gargoyle Fighter on June 1, 2023.
             Slain by Sigmund
             ... wielding a +0 scythe
              (6 damage)
             ... on level 2 of the Dungeon.
             The game lasted 00:00:47 (1377 turns).

qw the Chopper (Gargoyle Fighter)                   Turns: 1377, Time: 00:00:48

Health: 0/28       AC: 10    Str: 22    XL:     4   Next: 44%
Magic:  4/4        EV:  9    Int:  8    God:
Gold:   107        SH:  4    Dex:  9    Spells: 3/3 levels left

rFire   . . .        Y - +0 war axe (flame)
rCold   . . .        c - +0 buckler
rNeg    + + .        b - +0 scale mail
rPois   inf          (no helmet)
rElec   +            (no cloak)
rCorr   .            (no gloves)
SInv    .            (no boots)
Will    .....        (no amulet) Stlth
                     j - ring of positive energy
HPRegen 0.24/turn    (no ring)
MPRegen 0.09/turn

%: no passive effects
@: no status effects
A: sickness immunity, AC +3, negative energy resistance 1, electricity
resistance, torment resistance 1, petrification resistance
a: no special abilities


You were on level 2 of the Dungeon.
You visited 1 branch of the dungeon, and saw 2 of its levels.

You collected 107 gold pieces.


Innate Abilities, Weirdness & Mutations

You are immune to sickness and miasma.
Your stone body is resilient. (AC +3)
You are immune to poison.
You resist negative energy. (rN+)
You are resistant to electric shocks. (rElec)
You are resistant to unholy torment.
You are immune to petrification.


   Skills:
 - Level 3.2 Fighting
 + Level 4.1 Axes
 - Level 3.2 Armour
 - Level 3.2 Shields


You had 3 spell levels left.
You didn't know any spells.
Your spell library was empty.

Inventory:

Hand Weapons
 Y - a +0 war axe of flaming (weapon)
Armour
 b - a +0 scale mail (worn)
 c - a +0 buckler (worn)
 g - a +0 pair of gloves
 l - a +0 pair of boots
Jewellery
 j - a ring of positive energy (left hand)
Scrolls
 i - a scroll of teleportation {unknown}
 m - a scroll of amnesia {unknown}
Potions
 a - a potion of cancellation {unknown}
 d - a potion of might
 e - a potion of curing {unknown}
 f - a potion of heal wounds {unknown}
 h - a potion of flight {unknown}
 k - a potion of mutation {unknown}

Dungeon Overview and Level Annotations

Branches:
Dungeon (2/15)

Altars:

Annotations:
D:2 Sigmund


Message History

Enter note:
Enter note:
Enter note:
Enter note:
Enter note:
Enter note:
Enter note:
Enter note: Sigmund hits you with a +0 scythe.
Enter note:
Enter note:
Enter note:
Enter note:
Enter note:
Enter note:
Enter note:
Enter note:
Enter note: You barely miss Sigmund.
Sigmund hits you with a +0 scythe.
You hit Sigmund. You burn Sigmund.
Sigmund is lightly wounded.
You slash Sigmund! You burn Sigmund.
Sigmund is severely wounded.
Sigmund hits you with a +0 scythe.
You closely miss Sigmund.
Sigmund is severely wounded.
You block Sigmund's attack.
You hit Sigmund but do no damage.
Sigmund is severely wounded.
Sigmund hits you with a +0 scythe!
You closely miss Sigmund.
Sigmund is severely wounded.
Sigmund gestures at you while chanting. The puff of flame hits you.
You closely miss Sigmund.
Sigmund is severely wounded.
Sigmund zaps a wand.
The puff of flame misses you. Sigmund hits you with a +0 scythe.
You die...

#.# #.# ##### #.# ....
#.# ...# #. ##.##
...###.#.... ...
.......#...#####@#####.#
.......#...#....@.......
.......#................
.......#.....#.#######.#
...###.#..............
...###.#..........##.#
...#.............<....
...#.......#.#.#######
####.......#.......(
####.......#.#######


You could see Sigmund.

Vanquished Creatures
  Natasha (D:2)
  An adder (D:2)
  A worm (D:2)
  A dart slug (D:2)
  A ball python (D:2)
  3 bats
  6 endoplasms
  2 giant cockroaches
  11 hobgoblins
  2 jackals (D:1)
  3 quokkas
  2 frilled lizards (D:1)
  2 goblins (D:1)
  2 kobolds
  A rat (D:1)
39 creatures vanquished.

Notes
Turn   | Place    | Note
-------+----------+-------------------------------------------
     0 | D:1      | qw the Gargoyle Fighter began the quest for the Orb.
     0 | D:1      | Reached XP level 1. HP: 14/14 MP: 1/1
     0 | D:1      | 0 ||| qw: Version: 0.2-a-102-gdf20003
     0 | D:1      | 0 ||| qw: Game counter: 726
     0 | D:1      | 0 ||| qw: Always use a shield: true
     0 | D:1      | 0 ||| qw: God list: Okawaru
     0 | D:1      | 0 ||| qw: Allow faded altars: false
     0 | D:1      | 0 ||| qw: Do Orc after D:15 true
     0 | D:1      | 0 ||| qw: Do second Lair branch before Depths: true
     0 | D:1      | 0 ||| qw: Lair rune preference: random
     0 | D:1      | 0 ||| qw: Plans: Normal, Zot:1-4, Slime:5, God:TSO, Crypt,
                  | Tomb, Pan, Hells, Abyss, Win
     0 | D:1      | 0 ||| PLANNING D:1-11
    42 | D:1      | Reached skill level 2 in Axes
   243 | D:1      | Reached XP level 2. HP: 19/19 MP: 2/2
   441 | D:1      | 441 ||| Stepping ~*~*~tactically~*~*~ (stealth).
   509 | D:1      | Reached skill level 3 in Axes
   639 | D:1      | Reached XP level 3. HP: 21/23 MP: 3/3
   905 | D:1      | 905 ||| DROPPING ring of flight.
   906 | D:1      | 906 ||| UPGRADING to ring of positive energy.
   907 | D:1      | 907 ||| READING scroll labelled JESITO HANICAL.
   908 | D:1      | 908 ||| READING scroll labelled POODEY YTEZUSO.
   909 | D:1      | 909 ||| DROPPING +1 mace of protection.
   910 | D:1      | 910 ||| DRINKING 3 inky potions.
   911 | D:1      | 911 ||| DROPPING 2 potions of brilliance.
   985 | D:2      | 985 ||| Stepping ~*~*~tactically~*~*~ (stealth).
  1250 | D:2      | Noticed Natasha
  1251 | D:2      | 1251 ||| Stepping ~*~*~tactically~*~*~ (hiding).
  1261 | D:2      | Killed Natasha
  1262 | D:2      | Reached skill level 4 in Axes
  1262 | D:2      | Reached XP level 4. HP: 27/28 MP: 4/4
  1270 | D:2      | 1270 ||| Stepping ~*~*~tactically~*~*~ (hiding).
  1369 | D:2      | Noticed Sigmund
  1376 | D:2      | HP: 5/28 [Sigmund/puff of flame (5)]
  1377 | D:2      | Slain by Sigmund

Levels and vault maps discovered:
D:1:      eino_arrival_water_star, layout_loops_corners,
          dreamdust_mushroom_princess, minmay_strange_pillars
D:2:      layout_basic, shapermc_ecumenical_altar_starsandcircs, serial_shops,
          shop, uniq_crazy_yiuf_cottage, uniq_natasha, uniq_sigmund

Skill      XL: |  1  2  3 |
---------------+----------+-----
Axes           | 2 3 4 |  4.1
Fighting       | |  3.2
Armour         | |  3.2
Shields        | |  3.2

Action                     |  1- 3 |  4- 6 || total
---------------------------+-------+-------++-------
  Melee: War axe           |    98 |    24 ||   122
    Use: Scroll            |     2 |       ||     2
         Potion            |     1 |       ||     1
 Armour: Scale mail        |    66 |     7 ||    73
  Dodge: Dodged            |    31 |     7 ||    38
  Block: Buckler           |    15 |     6 ||    21

Table legend:
 A = Non-vault XP
 B = Vault XP
 C = Vault XP percentage of total XP
 D = Non-vault monster count
 E = Vault monster count
 F = Vault count percentage of total count
                 A         B        C        D         E       F
            +---------+---------+-------+---------+---------+-------
      Total |      83 |      36 |  30.3 |      38 |       1 |   2.6
            +---------+---------+-------+---------+---------+-------
        D:1 |      42 |       0 |   0.0 |      24 |       0 |   0.0
        D:2 |      41 |      36 |  46.8 |      14 |       1 |   6.7
            +---------+---------+-------+---------+---------+-------
